 Dungeon Crawl Stone Soup version 0.28.0-45-g0d030f2227 (webtiles) character file.

Game seed: 8313738201258523228

265 Destapler the Cudgeller (level 5, -8/54 HPs)
             Began as a Troll Berserker on Apr 8, 2022.
             Was a Believer of Trog.
             Mangled by an ice beast (13 damage)
             ... on level 4 of the Dungeon.
             The game lasted 00:05:41 (2655 turns).

Destapler the Cudgeller (Troll Berserker)           Turns: 2655, Time: 00:05:42

Health: -8/54      AC:  4    Str: 27    XL:     5   Next: 99%
Magic:  4/4        EV:  9    Int:  3    God:    Trog [**....]
Gold:   279        SH:  5    Dex:  9    Spells: 4/4 levels left

rFire   . . .      SeeInvis .   a - +0 mace
rCold   . . .      Faith    +   c - +0 kite shield
rNeg    . . .      Spirit   .   b - +0 animal skin
rPois   .          Reflect  .   (helmet restricted)
rElec   .          Harm     .   (no cloak)
rCorr   .          Rampage  .   (gloves unavailable)
Will    .....                   (boots unavailable)
Stlth   +.........              m - amulet of faith
HPRegen 0.98/turn               (no ring)
MPRegen 0.09/turn               (no ring)

@: on berserk cooldown, flying, slowed, very slow
A: large, unfitting armour, claws 3, regeneration 1, shaggy fur 1, tough skin 1
a: Renounce Religion, Berserk, Trog's Hand


You were on level 4 of the Dungeon.
You worshipped Trog.
Trog was pleased with you.
You visited 1 branch of the dungeon, and saw 4 of its levels.

You collected 279 gold pieces.

Inventory:

Hand Weapons
 a - a +0 mace (weapon)
 l - a +2 dagger of venom
Missiles
 n - 118 stones (quivered)
 p - a throwing net
Armour
 b - a +0 animal skin (worn)
 c - a +0 kite shield (worn)
Jewellery
 m - an amulet of faith (around neck)
Scrolls
 f - a scroll of magic mapping {unknown}
 g - a scroll of teleportation {unknown}
 h - 3 scrolls of identify {unknown}
 i - 2 scrolls of acquirement {unknown}
 k - a scroll of fog {unknown}
Potions
 d - a potion of berserk rage {unknown}
 e - a potion of flight
 j - a potion of lignification {unknown}
 o - a potion of curing {unknown}


   Skills:
 + Level 3.7 Fighting
 + Level 4.1 Maces & Flails
 + Level 3.7 Dodging


You had 4 spell levels left.
You didn't know any spells.
Your spell library contained the following spells:

 Spells                   Type           Power      Damage    Failure   Level
 Ensorcelled Hibernation  Hex/Ice        0%         N/A       94%         2
 Passwall                 Tmut/Erth      0%         N/A       94%         2
 Swiftness                Air            0%         N/A       99%         3


Dungeon Overview and Level Annotations

Branches:
Dungeon (4/15)
 Temple: D:4-7

Altars:
Nemelex Xobeh

Shops:
D:1 [


Innate Abilities, Weirdness & Mutations

You are too large for most types of armour.
You have claws for hands.
Your natural rate of healing is unusually fast.
You are covered in fur. (AC +1)
You have tough skin. (AC +1)


Message History

The kobold hits you with a +0 club.
* * * LOW HITPOINT WARNING * * *
The ice beast hits you.
* * * LOW HITPOINT WARNING * * *
The ice beast freezes you!
* * * LOW HITPOINT WARNING * * *
The iguana closely misses you.
The kobold unwields a +0 club.
The kobold wields a +0 hand crossbow.
The kobold shoots a bolt.
The bolt barely misses you. The ice beast closely misses you.
You feel a strong urge to attack something.
You are no longer berserk.
You are exhausted.
You feel yourself slow down.
It was a potion of flight.
You feel very buoyant.
You fly up into the air.
The ice beast barely misses you. The ice beast hits you.
* * * LOW HITPOINT WARNING * * *
The ice beast freezes you!
* * * LOW HITPOINT WARNING * * *
A hobgoblin comes into view.
The hobgoblin shouts!
You hear a shout! x2
The ice beast hits you but does no damage.
A hobgoblin comes into view.
The ice beast hits you.
* * * LOW HITPOINT WARNING * * *
The ice beast freezes you.
* * * LOW HITPOINT WARNING * * *
The hobgoblin moves out of view.
A hobgoblin comes into view.
The hobgoblin barely misses you. x2; The hobgoblin moves out of view.
The ice beast closely misses you.
The iguana hisses menacingly.
Found a stone staircase leading down.
The endoplasm quivers.
The hobgoblin barely misses you. The ice beast hits you.
* * * LOW HITPOINT WARNING * * *
The ice beast freezes you!
You die...

.............#
......>.......#
.......##.....#
.J.....#.g....#
.......#......#
......:.......#
........Kl.##.#
........g..##.#
.#....@Y...#l# ##.......##.#
...........#..#
#..........#..##### ###
..............#...####..
##...............#...#.#..
..............##..........
#.$.###............#.#..#
.#####..####..#.##.....#.#...


You could see an ice beast, an iguana, an endoplasm, 2 hobgoblins and a kobold.

Vanquished Creatures
  A necrophage (D:4)
  3 gnolls (D:4)
  8 adders
  An adder skeleton (D:4)
  A worm (D:3)
  A dart slug (D:1)
  3 orcs (D:3)
  13 ball pythons
  3 bats
  2 endoplasms
  3 giant cockroaches
  4 goblins
  4 hobgoblins
  4 jackals (D:2)
  3 quokkas
  4 frilled lizards
  8 kobolds
  6 rats
72 creatures vanquished.

Vanquished Creatures (others)
  6 fungi (D:3)
  4 toadstools (D:3)
10 creatures vanquished.

Grand Total: 82 creatures vanquished

Notes
Turn   | Place    | Note
-------+----------+-------------------------------------------
     0 | D:1      | Destapler the Troll Berserker began the quest for the Orb.
     0 | D:1      | Reached XP level 1. HP: 22/22 MP: 0/0
    63 | D:1      | Found Rebo's Armour Shop.
   126 | D:1      | Reached XP level 2. HP: 29/29 MP: 1/1
   218 | D:1      | Reached skill level 3 in Maces & Flails
   265 | D:1      | Found a faded altar of an unknown god.
   568 | D:2      | Reached XP level 3. HP: 35/36 MP: 2/2
   617 | D:2      | Reached ** piety under Trog
  1339 | D:3      | Reached XP level 4. HP: 39/45 MP: 3/3
  1936 | D:4      | Reached XP level 5. HP: 13/53 MP: 4/4
  1985 | D:4      | Found a sparkling altar of Nemelex Xobeh.
  1992 | D:4      | Noticed a necrophage
  2011 | D:4      | Killed a necrophage
  2012 | D:4      | Reached skill level 4 in Maces & Flails
  2559 | D:4      | Noticed an ice beast
  2647 | D:4      | HP: 1/54 [ice beast (8)]
  2655 | D:4      | Mangled by an ice beast

Illustrated notes

Levels and vault maps discovered:
D:1:      minmay_arrival_cross, layout_rooms, nicolae_ecumenical_snake_handling,
          serial_shops, nicolae_shop_temple_entry_statues_fountains,
          nrook_mini_vaults
D:2:      layout_basic
D:3:      layout_loops_cross, minmay_gold_behind_fungi
D:4:      layout_cave_pools, zin_angel, amcnicky_altar_gilded,
          nicolae_hepliaklqana_hippocampus, uniq_robin, uniq_ijyb

Skill      XL: |  1  2  3  4  5 |
---------------+----------------+-----
Maces & Flails | 3 4 |  4.1
Fighting       | 3 |  3.7
Dodging        | 3 |  3.7

Action                   |  1- 3 |  4- 6 || total
-------------------------+-------+-------++-------
Melee: Mace              |   130 |    90 ||   220
       Dagger            |       |    19 ||    19
Invok: Berserk           |     1 |     4 ||     5
  Use: Potion            |       |     1 ||     1
Armor: Animal skin       |    44 |    41 ||    85
Dodge: Dodged            |    69 |    45 ||   114
Block: Kite shield       |    28 |    33 ||    61
